 Dungeon Crawl Stone Soup version 0.30-a0-715-gdb4ae3ece1 (webtiles) character file.

Game seed: 7438070095581591247

23 HoaS the Shooter (level 3, -2/21 HPs)
             Began as a Gargoyle Hunter on Jan 24, 2023.
             Slain by a goblin
             ... wielding a +0 dagger
              (4 damage)
             ... on level 2 of the Dungeon.
             The game lasted 00:01:06 (677 turns).

HoaS the Shooter (Gargoyle Hunter)                   Turns: 677, Time: 00:01:06

Health: -2/21      AC:  6    Str: 16    XL:     3   Next: 0%
Magic:  3/3        EV: 26    Int:  9    God:
Gold:   16         SH:  0    Dex: 13    Spells: 2/2 levels left

rFire   . . .      SeeInvis .    a - +0 shortbow
rCold   . . .      Faith    .    (shield currently unavailable)
rNeg    + . .      Spirit   .    c - +0 leather armour
rPois   ∞          Reflect  .    (no helmet)
rElec   +          Harm     .    (no cloak)
rCorr   .          Rampage  .    (no gloves)
Will    .....                    (no boots)
Stlth   +                        f - amulet of the acrobat
HPRegen 0.23/turn                (no ring)
MPRegen 0.08/turn                (no ring)

@: acrobatic
A: sickness immunity, AC +3, negative energy resistance 1, electricity
resistance, torment resistance 1, petrification resistance
a: no special abilities


You were on level 2 of the Dungeon.
You visited 1 branch of the dungeon, and saw 2 of its levels.

You collected 16 gold pieces.

Inventory:

Hand Weapons
 a - a +0 shortbow (weapon)
Armour
 c - a +0 leather armour (worn)
Jewellery
 f - an amulet of the acrobat (around neck)
Scrolls
 b - a scroll of immolation
Potions
 d - 2 potions of curing
 e - a potion of lignification {unknown}
 g - a potion of cancellation {unknown}


   Skills:
 - Level 2.1 Fighting
 + Level 4.9 Ranged Weapons
 - Level 1.5 Dodging
 - Level 1.1 Stealth


You had 2 spell levels left.
You didn't know any spells.
Your spell library was empty.

Dungeon Overview and Level Annotations

Branches:
Dungeon (2/15)

Altars:

Annotations:
D:2 Robin


Innate Abilities, Weirdness & Mutations

You are immune to sickness and miasma.
Your stone body is resilient. (AC +3)
You are immune to poison.
You resist negative energy. (rN+)
You are resistant to electric shocks. (rElec)
You are resistant to unholy torment.
You are immune to petrification.


Message History

The goblins go into a battle-frenzy!
A goblin comes into view. It is wielding a +0 dagger.
You hear an angry hiss.
The goblin completely misses you.
A hobgoblin comes into view.
The goblin completely misses you.
A goblin comes into view. It is wielding a +0 dagger.
The goblin hits you but does no damage.
The goblin shouts!
The goblin misses you.
A goblin comes into view. It is wielding a +0 dagger.
The goblin shouts!
You hear a shout!
The goblin misses you. The goblin completely misses you.
The goblin barely misses you. Robin throws the goblin at you!
A goblin comes into view. It is wielding a +0 dagger.
The goblin hits you but does no damage. The goblin completely misses you.
The goblin hits you with a +0 dagger. x2
A hobgoblin comes into view.
The goblin completely misses you. The goblin hits you with a +0 club.
The goblin misses you. The goblin closely misses you.
A goblin comes into view. It is wielding a +0 dagger.
The goblin closely misses you. The goblin completely misses you.
The goblin misses you. x2; The goblin completely misses you.
The goblin hits you with a +0 club. The goblin completely misses you.
The goblin closely misses you. The goblin hits you but does no damage.
The goblin completely misses you. The goblin closely misses you.
The goblin misses you.
The goblin hits you with a +0 dagger. x2
* * * LOW HITPOINT WARNING * * *
The goblin barely misses you. The goblin hits you with a +0 dagger.
* * * LOW HITPOINT WARNING * * *
The goblin completely misses you. The goblin barely misses you.
A goblin comes into view. It is wielding a +0 club.
The goblin hits you but does no damage. The goblin completely misses you.
The goblin closely misses you. Robin throws the goblin at you!
* * * LOW HITPOINT WARNING * * *
The goblin misses you. The goblin barely misses you.
The goblin hits you but does no damage. The goblin hits you with a +0 dagger.
You die...

. .g
...############
#g..g?...>..#
#.g.ggg...$.#
#..gg@g.....#
#...gg......+
#...........#
#...........#
#.......#+###
#######.# .# ##


You could see Robin, 2 hobgoblins and 9 goblins.

Vanquished Creatures
  3 endoplasms (D:1)
  5 giant cockroaches (D:1)
  3 goblins (D:1)
  A hobgoblin (D:1)
  2 kobolds
  A ball python (D:1)
  A bat (D:1)
  5 frilled lizards (D:1)
21 creatures vanquished.

Notes
Turn   | Place    | Note
-------+----------+-------------------------------------------
     0 | D:1      | HoaS the Gargoyle Hunter began the quest for the Orb.
     0 | D:1      | Reached XP level 1. HP: 12/12 MP: 1/1
   158 | D:1      | Reached XP level 2. HP: 17/17 MP: 2/2
   665 | D:2      | Noticed Robin
   666 | D:2      | Reached XP level 3. HP: 21/21 MP: 3/3
   677 | D:2      | Slain by a goblin

Illustrated notes

Levels and vault maps discovered:
D:1:      dpeg_arrival_boxes_within_box, layout_loops_ring,
          minmay_worlds_worst_comb
D:2:      layout_basic, uniq_robin

Action                     || total
---------------------------++-------
   Fire: Shortbow          ||    42
    Use: Scroll            ||     2
 Armour: Leather armour    ||    12
  Dodge: Dodged            ||    38

Table legend: (Time is in decaauts)
 A = Elapsed time spent in this place.
 B = Non-inter-level travel time spent in this place.
 C = Inter-level travel time spent in this place.
 D = Time resting spent in this place.
 E = Time spent auto-exploring this place.
 F = Levels seen in this place.
 G = Mean time per level.
                   A        B        C        D        E       F      G
               +--------+--------+--------+--------+--------+-----+--------+
         Total |    689 |    669 |     20 |      0 |    566 |   2 |  344.5 |
       Dungeon |    689 |    669 |     20 |      0 |    566 |   2 |  344.5 |
               +--------+--------+--------+--------+--------+-----+--------+

Top non-repeatable levels by time:
     D:1: 675 daAuts
     D:2: 14 daAuts
